 Seeded DCSS version 0.32-a0-468-g38b2580584 (webtiles) character file.

Game seed: 7220356206648857820 (custom seed)

11 CInkIbrahim the Slasher (level 2, 22/22 HPs)
             Began as a Coglin Gladiator on Feb 25, 2024.
             Was an Initiate of Gozag.
             Quit the game on level 2 of the Dungeon.
             The game lasted 00:01:27 (831 turns).

CInkIbrahim the Slasher (Coglin Gladiator)           Turns: 831, Time: 00:01:28

Health: 22/22      AC:  4    Str: 14    XL:     2   Next: 29%
Magic:  2/2        EV: 12    Int:  7    God:    Gozag
Gold:   71         SH:  0    Dex: 15    Spells: 1/1 levels left

rFire   . . .        a - +0 long sword {Salvador}
rCold   . . .        h - orb {light}
rNeg    . . .        b - +0 leather armour
rPois   .            c - +0 helmet
rElec   .            (no cloak)
rCorr   .            (no gloves)
SInv    .            (no boots)
Will    .....        (no amulet)
Stlth   +            (ring unavailable)
HPRegen 0.23/turn    (ring unavailable)
MPRegen 0.08/turn

%: no passive effects
@: glowing
A: off-hand wielding, slow wielding, warmup strikes, no rings
a: Renounce Religion, Potion Petition, Call Merchant, Bribe Branch


You were on level 2 of the Dungeon.
You worshipped Gozag.
Gozag was noncommittal.
You visited 1 branch of the dungeon, and saw 2 of its levels.

You collected 71 gold pieces.

Inventory:

Hand Weapons
 a - a +0 long sword (weapon) {Salvador}
Missiles
 d - 3 throwing nets (quivered)
 e - a javelin
Armour
 b - a +0 leather armour (worn)
 c - a +0 helmet (worn)
 h - an orb of light (worn)
 k - a +0 buckler
Scrolls
 g - a scroll of acquirement
Potions
 f - a potion of degeneration {unknown}
 i - a potion of might {unknown}
 j - a potion of enlightenment {unknown}
 l - 2 potions of invisibility {unknown}


   Skills:
 - Level 2.0 Fighting
 + Level 3.7 Long Blades
 - Level 1.7 Throwing
 - Level 2.6 Dodging


You had one spell level left.
You didn't know any spells.
Your spell library contained the following spells:

 Spells                   Type           Power      Damage    Failure   Level
 Dazzling Flash           Conj/Hex       0%         N/A       87%         3
 Volatile Blastmotes      Fire/Tloc      0%         2d10      87%         3
 Starburst                Conj/Fire      0%         6d3       100%        6
 Maxwell's Capacitive Co  Air            0%         ∞         100%        8


Dungeon Overview and Level Annotations

Branches:
Dungeon (2/15)

Altars:
Gozag


Innate Abilities, Weirdness & Mutations

You can wield a second weapon in your off-hand.
It takes a long time for you to wield or remove held weapons.
Your first few attacks do less damage.
Your grasper-arms cannot wear rings.


Message History

No target in view!
Okay, then.
Search for what [? for help]? .
As you read the scroll labelled YNKIGE ENYO, it crumbles to dust.
A wave of despondency washes over your surroundings.
It was a scroll of vulnerability.
You start waiting.
You feel your willpower return.
There is a stone staircase leading down here.
You climb downwards.
There is a stone staircase leading up here.
A rat comes into view.
The rat squeaks loudly.
You hit the rat.
You kill the rat!
No target in view!
No target in view!
There is a stone staircase leading up here.
You climb upwards.
There is a stone staircase leading down here.
There is an open door here.
You see here a +0 leather armour.
There is a stone staircase leading down here.
You climb downwards.
There is a stone staircase leading up here.
There is a stone staircase leading up here.
You climb upwards.
There is a stone staircase leading down here.
There is an open door here.
There is a stone staircase leading down here.
You climb downwards.
Found 3 scrolls labelled JETOCU TUKUZI.
There is a stone staircase leading up here.
g - 3 scrolls labelled JETOCU TUKUZI No target in view!
This is a scroll of acquirement!
Something appears at your feet! Something appears at your feet!
Unknown command.
Are you sure you want to abandon this character and quit the game? (Confirm with "yes".)

##+##
##...##
##.....##
##.......##
#.....<...#
+.........+
#.........#
##.....@.##
##.....##
##...##
##+##


There were no monsters in sight!

Vanquished Creatures
  A dart slug (D:1)
  2 endoplasms (D:1)
  2 quokkas (D:1)
  A ball python (D:1)
  3 frilled lizards (D:1)
  A rat (D:2)
10 creatures vanquished.

Notes
Turn   | Place    | Note
-------+----------+-------------------------------------------
     0 | D:1      | CInkIbrahim the Coglin Gladiator began the quest for the
                  | Orb.
     0 | D:1      | Reached XP level 1. HP: 16/16 MP: 1/1
   307 | D:1      | Found a faded altar of an unknown god.
   328 | D:1      | Prayed at the altar of an unknown god.
   328 | D:1      | Became a worshipper of Gozag Ym Sagoz the Greedy
   333 | D:1      | Reached XP level 2. HP: 17/22 MP: 2/2
   829 | D:2      | Identified 3 scrolls of acquirement
   829 | D:2      | Acquired 856 gold pieces
   830 | D:2      | Acquired 519 gold pieces
   831 | D:2      | Quit the game

Illustrated notes

Levels and vault maps discovered:
D:1:      psy_arrival_whirlpool, layout_basic,
          shapermc_ecumenical_altar_starsandcircs, minmay_strange_pillars
D:2:      kennysheep_big_flooded_room, layout_loops_corners, minmay_cut_off

Action                     || total
---------------------------++-------
  Melee: Long sword        ||    28
    Use: Scroll            ||     3
 Armour: Leather armour    ||    15
  Dodge: Dodged            ||    15

Table legend: (Time is in decaauts)
 A = Elapsed time spent in this place.
 B = Non-inter-level travel time spent in this place.
 C = Inter-level travel time spent in this place.
 D = Time resting spent in this place.
 E = Time spent auto-exploring this place.
 F = Levels seen in this place.
 G = Mean time per level.
                   A        B        C        D        E       F      G
               +--------+--------+--------+--------+--------+-----+--------+
         Total |    839 |    739 |    100 |     34 |    565 |   2 |  419.5 |
       Dungeon |    839 |    739 |    100 |     34 |    565 |   2 |  419.5 |
               +--------+--------+--------+--------+--------+-----+--------+

Top non-repeatable levels by time:
     D:1: 814 daAuts
     D:2: 24 daAuts
